 Dungeon Crawl Stone Soup version 0.17-a0-1863-g715b4b0 (webtiles) character file.

100 4thArraOfDagon the Firebug (level 4, 0/24 HPs)
             Began as a Tengu Fire Elementalist on Sept 20, 2015.
             Succumbed to a worker ant's poison
             ... on level 5 of the Dungeon.
             The game lasted 00:03:09 (594 turns).

4thArraOfDagon the Firebug (Tengu Fire Elementalist) Turns: 594, Time: 00:03:09

Health: 0/24       AC:  2    Str:  9      XL:     4   Next: 74%
Magic:  2/9        EV: 12    Int: 16      God:
Gold:   44         SH:  0    Dex: 12 (14) Spells: 3 memorised, 0 levels left

rFire  . . .     SeeInvis .     d - +0 club (curse)
rCold  . . .     Clarity  .     a - +0 robe
rNeg   . . .     SustAt   .     (no shield)
rPois  .         Gourm    .     (helmet restricted)
rElec  .         Spirit   .     (no cloak)
rCorr  .         Warding  .     (no gloves)
rMut   .         Rnd*Tele +     (boots unavailable)
MR     .....                    (no amulet)
Stlth  ++........               (no ring)
                                g - ring of teleportation (curse)

@: lethally poisoned (0 -> -4), very slightly contaminated, not resistant to
hostile enchantments, unstealthy
A: beak, talons 3
a: Evoke Teleportation


You were on level 5 of the Dungeon.
You were not hungry.

You visited 1 branch of the dungeon, and saw 5 of its levels.

You collected 44 gold pieces.

Inventory:

Hand weapons
 d - a cursed +0 club (weapon)
Armour
 a - a +0 robe (worn)
Jewellery
 g - a cursed ring of teleportation (left hand)
Books
 b - a book of Flames

   Spells                             Type                      Level
   a - Flame Tongue                   Conjuration/Fire             1
   b - Throw Flame                    Conjuration/Fire             2
   c - Conjure Flame                  Conjuration/Fire             3
   d - Inner Flame                    Hexes/Fire                   3
   e - Sticky Flame                   Conjuration/Fire             4
   f - Fireball                       Conjuration/Fire             5
Comestibles
 c - a bread ration


   Skills:
 - Level 2.1 Dodging
 - Level 2.0 Stealth
 + Level 2.6 Spellcasting
 * Level 3.7 Conjurations
 * Level 4.4 Fire Magic


You couldn't memorise any spells.
You knew the following spells:

 Your Spells              Type           Power        Failure   Level  Hunger
a - Flame Tongue          Conj/Fire      ###..        4%          1    #......
b - Conjure Flame         Conj/Fire      ###.....     12%         3    ###....
c - Sticky Flame          Conj/Fire      ###.....     38%         4    #####..


Dungeon Overview and Level Annotations

Branches:
Dungeon (5/15)
 Temple: D:4-7

Altars:
Makhleb
Xom

Annotations:
D:3 Sigmund
D:5 4thArraOfDagon's ghost, weakling TeFE


Innate Abilities, Weirdness & Mutations

You have a beak for a mouth.
You have claws for feet.


Message History

* * * LOW HITPOINT WARNING * * *
You feel sick.
The worker ant is engulfed in roaring flames.
You kill the worker ant!
Unknown command.
You aren't carrying any potions.
* * * LOW HITPOINT WARNING * * *
You feel sick.
* * * LOW HITPOINT WARNING * * *
You feel sick.
* * * LOW HITPOINT WARNING * * *
You feel sick.
Read which item? (? for menu, Esc to quit)
Okay, then.
You can't unwield your weapon to draw a new one!
* * * LOW HITPOINT WARNING * * *
You feel sick.
* * * LOW HITPOINT WARNING * * *
You feel sick.
You die...

##.######.....#######..#
.................##.#..#
....#####........##.#..#
.(..# #........##.#..# ....#
###.##.........###... ....#
#ยง##...##.........#
###########.#######..#.###.W#
#.......#######..#.###. #
#...........@..........
#.#############..#.###. #.#
#..#.# #.# #..### #.# #....#
#.# #.##.# #.# ######.# .#
#.# #<.....# # #.# ########


There were no monsters in sight!

Vanquished Creatures
  A scorpion (D:5)
  A worker ant (D:5)
  An adder (D:5)
  An ooze (D:4)
  2 orcs
  A bat (D:1)
  2 giant cockroaches (D:2)
  3 goblins
  A ball python (D:2)
  A jackal skeleton (D:5)
  2 rats
16 creatures vanquished.

Notes
Turn   | Place    | Note
--------------------------------------------------------------
     0 | D:1      | 4thArraOfDagon the Tengu Fire Elementalist began the quest for the Orb.
     0 | D:1      | Reached XP level 1. HP: 10/10 MP: 4/4
   194 | D:2      | Found a shimmering altar of Xom.
   206 | D:2      | Reached XP level 2. HP: 6/15 MP: 3/6
   222 | D:3      | Noticed a scorpion
   228 | D:3      | Noticed Sigmund
   289 | D:4      | Found a burning altar of Makhleb.
   336 | D:5      | Entered Level 5 of the Dungeon
   346 | D:5      | Reached XP level 3. HP: 10/19 MP: 0/7
   351 | D:5      | Learned a level 3 spell: Conjure Flame
   412 | D:5      | Noticed a scorpion
   420 | D:5      | Killed a scorpion
   420 | D:5      | Reached skill level 4 in Fire Magic
   420 | D:5      | Reached XP level 4. HP: 18/24 MP: 2/8
   446 | D:5      | Learned a level 4 spell: Sticky Flame
   472 | D:5      | Noticed 4thArraOfDagon's ghost (weakling TeFE)
   591 | D:5      | HP: 1/24 [poisoned by a worker ant]
   594 | D:5      | Succumbed to a worker ant's poison

Vault maps used:
D:1:      dpeg_arrival_shelter, minmay_misc_feat_doors, st_stairs_7
D:2:      xom_redecorated, nicolae_overflow_hidden_temple, first_bread
D:3:      nrook_mini_backslash, minmay_misc_feat_rugged, uniq_sigmund,
          uniq_terence
D:4:      kennysheep_six_static_rooms, lightli_temple_of_fire,
          vehumet_altar_wand_db, minmay_temple_entry_statues,
          lexackson_kobold_supper, uniq_grinder, uniq_eustachio, uniq_natasha

Action                   |  1- 3 |  4- 6 || total
-------------------------+-------+-------++-------
Melee: Club              |    11 |     9 ||    20
       Unarmed           |     2 |       ||     2
 Cast: Flame Tongue      |    26 |     4 ||    30
       Conjure Flame     |     1 |     1 ||     2
  Use: Potion            |     3 |       ||     3
       Scroll            |     1 |       ||     1
